 Dungeon Crawl Stone Soup version 0.27.1-34-g3ba077fa99 (webtiles) character file.

Game seed: 16177232151263409610

1 Karpo the Sneak (level 1, 0/9 HPs)
             Began as a Spriggan Enchanter on Jan 26, 2022.
             Slain by a bat (1 damage)
             ... on level 2 of the Dungeon.
             The game lasted 00:00:31 (100 turns).

Karpo the Sneak (Spriggan Enchanter)                 Turns: 100, Time: 00:00:32

Health: 0/9        AC:  2    Str:  4    XL:     1   Next: 16%
Magic:  5/5        EV: 17    Int: 16    God:
Gold:   25         SH:  0    Dex: 15    Spells: 4/5 levels left

rFire    . . .     SeeInvis +   a - +1 dagger
rCold    . . .     Faith    .   (shield restricted)
rNeg     . . .     Spirit   .   b - +0 robe
rPois    .         Reflect  .   (helmet restricted)
rElec    .         Harm     .   (no cloak)
rCorr    .         Rampage  .   (gloves unavailable)
Will     .....                  (boots unavailable)
Stlth    +++.......             (no amulet)
HPRegen  0.03/turn              (no ring)
MPRegen  0.09/turn              (no ring)

@: very quick
A: very small, no large weapons, unfitting armour, see invisible, speed 3
a: no special abilities


You were on level 2 of the Dungeon.
You visited 1 branch of the dungeon, and saw 2 of its levels.

You collected 25 gold pieces.

Inventory:

Hand Weapons
 a - a +1 dagger (weapon)
Armour
 b - a +0 robe (worn)
Scrolls
 c - a scroll of identify {unknown}


   Skills:
 + Level 1.2 Short Blades
 - Level 2.6 Dodging
 + Level 4.5 Stealth
 - Level 2.6 Spellcasting
 - Level 3.6 Hexes


You had 4 spell levels left.
You knew the following spells:

 Your Spells              Type           Power      Damage    Failure   Level
a - Corona                Hex            14%        N/A       4%          1

Your spell library contained the following spells:

 Spells                   Type           Power      Damage    Failure   Level
 Confusing Touch          Hex            13%        N/A       13%         3
 Tukima's Dance           Hex            13%        N/A       13%         3
 Ensorcelled Hibernation  Hex/Ice        14%        N/A       14%         2
 Dazzling Flash           Conj/Hex       14%        N/A       28%         3


Dungeon Overview and Level Annotations

Branches:
Dungeon (2/15)

Altars:


Innate Abilities, Weirdness & Mutations

You are very small and have problems with some larger weapons.
You are too small for most types of armour.
You have supernaturally acute eyesight. (SInv)
You cover ground extremely quickly. (Speed+++)


Message History

The bat misses you.
You see here a scroll labelled JUIL SOIFAPECW.
c - a scroll labelled JUIL SOIFAPECW The bat closely misses you.
The bat completely misses you.
Found 16 stones.
The bat hits you but does no damage.
Found a stone staircase leading down.
The helpless endoplasm fails to defend itself.
You impale the endoplasm!!
You kill the endoplasm!
The bat barely misses you. The bat closely misses you. The bat misses you. x3
You hit the bat but do no damage. The bat closely misses you.
The bat hits you but does no damage. The bat barely misses you.
The bat hits you but does no damage.
There is a stone staircase leading down here.
The bat hits you.
* * * LOW HITPOINT WARNING * * *
The bat misses you. The jackal completely misses you.
You climb downwards.
There is a stone staircase leading up here.
The bat misses you.
You barely miss the bat. The bat misses you. x2
You closely miss the bat. The bat closely misses you. The bat misses you.
The bat completely misses you.
There is a stone staircase leading up here.
You hit the bat.
The bat is moderately wounded.
The bat misses you.
You closely miss the bat.
The bat is moderately wounded.
The bat completely misses you. The bat misses you. The bat closely misses you.
You hit the bat.
The bat is heavily wounded.
The bat hits you.
* * * LOW HITPOINT WARNING * * *
The bat barely misses you.
You barely miss the bat.
The bat is heavily wounded.
The bat hits you but does no damage. The bat hits you.
You die...

##.#########
.......@b..#
.#.##.##<#.#
# #.# #.#
... .....
.##.#.# ..
..... .#
#.....


You could see a bat.

Vanquished Creatures
  An endoplasm (D:1)
1 creature vanquished.

Notes
Turn   | Place    | Note
-------+----------+-------------------------------------------
     0 | D:1      | Karpo the Spriggan Enchanter began the quest for the Orb.
     0 | D:1      | Reached XP level 1. HP: 9/9 MP: 5/5
   100 | D:2      | Slain by a bat

Illustrated notes

Levels and vault maps discovered:
D:1:      dpeg_arrival_three_same_balls, layout_rooms
D:2:      layout_loops_ring, shapermc_ecumenical_altar_mp_ritualfount,
          dk_noncrumbling_2, uniq_robin, uniq_terence, uniq_jessica

Action                   || total
-------------------------++-------
Melee: Dagger            ||    11
 Stab: Sleeping          ||     1
Armor: Robe              ||     5
Dodge: Dodged            ||    38
